 Dungeon Crawl Stone Soup version 0.18.1-47-g9310371 (webtiles) character file.

1824911 rftp080 the Axe Maniac (level 27, 273/273 HPs)
             Began as a Minotaur Berserker on June 20, 2016.
             Was the Champion of Trog.
             Escaped with the Orb
             ... and 3 runes on June 21, 2016!
             The game lasted 03:01:12 (64142 turns).

rftp080 the Axe Maniac (Minotaur Berserker)        Turns: 64142, Time: 03:01:13

Health: 273/273    AC: 51    Str: 25    XL:     27
Magic:  26/26      EV: 19    Int: 13    God:    Trog [******]
Gold:   3890       SH:  6    Dex: 16    Spells: 0 memorised, 26 levels left

rFire  + + .     SeeInvis .     e - +9 executioner's axe of Trog's Regard {drain, rPois rN+++ MR- MP-9}
rCold  + + +     Gourm    .     Q - +8 orange crystal plate armour {Archmagi, Int+3 Clar SustAt}
rNeg   + + +     Faith    .     (shield currently unavailable)
rPois  +         Spirit   .     P - +2 hat
rElec  +         Dismiss  .     z - +2 cloak {MR+}
rCorr  +         Reflect  +     J - +2 pair of gloves of Absence {rF+ rC++}
SustAt +         Harm     .     l - +0 pair of boots "Cawiv" {*Confuse +Blink rC++ Regen+}
MR     +++..     Clarity  +     g - +6 amulet of reflection
Stlth  ..........               m - ring "Seighic" {rElec Int+2}
                                U - ring of Fauqiurph {rCorr rF+ MR+}

@: extremely resistant to hostile enchantments, extremely unstealthy
A: retaliatory headbutt, horns 2
a: Berserk, Trog's Hand, Brothers in Arms, Burn Spellbooks, Renounce Religion,
Evoke Blink
0: Orb of Zot
}: 3/15 runes: decaying, serpentine, silver


You escaped.
You worshipped Trog.
Trog was exalted by your worship.
You were not hungry.

You visited 9 branches of the dungeon, and saw 51 of its levels.
You visited the Abyss 1 time.
You also visited: Ice Cave.

You collected 7482 gold pieces.
You spent 3592 gold pieces at shops.

Inventory:

Hand Weapons
 e - the +9 executioner's axe of Trog's Regard (weapon) {drain, rPois rN+++ MR- MP-9}
   (Trog gifted it to you on level 2 of the Snake Pit)

   A truly terrible weapon, it drains the life of those it strikes.
   It protects you from poison.
   It renders you almost immune to negative energy.
   It affects your resistance to hostile enchantments.
   It affects your magic capacity (-9).
 o - a +2 executioner's axe of flaming
 x - a +2 antimagic executioner's axe
 N - a +6 antimagic executioner's axe
Armour
 l - the +0 pair of boots "Cawiv" (worn) {*Confuse +Blink rC++ Regen+}
   (You bought it in a shop on level 3 of the Snake Pit)

   It greatly protects you from cold.
   It lets you blink.
   It increases your rate of regeneration.
   It may confuse you when you take damage.
 z - a +2 cloak of magic resistance (worn)
 A - the +0 pair of boots of Fam Kebb {rElec Regen+ Int-4 Stlth+}
   (You found it on level 5 of the Depths)

   It affects your intelligence (-4).
   It insulates you from electricity.
   It increases your rate of regeneration.
   It makes you more stealthy.
 J - the +2 pair of gloves of Absence (worn) {rF+ rC++}
   (You found it on level 1 of the Realm of Zot)

   It protects you from fire.
   It greatly protects you from cold.
 P - a +2 hat (worn)
 Q - the +8 orange crystal plate armour (worn) {Archmagi, Int+3 Clar SustAt}
   (You bought it in a shop on level 3 of the Snake Pit)

   It affects your intelligence (+3).
   It sustains your strength, intelligence and dexterity.
   It protects you against confusion.
Rods
 i - a -1 rod of inaccuracy (10/10)
   (You found it on level 6 of the Lair of Beasts)
Jewellery
 g - a +6 amulet of reflection (around neck)
 m - the ring "Seighic" (right hand) {rElec Int+2}
   (You found it on level 1 of the Realm of Zot)

   [ring of intelligence]

   It affects your intelligence (+2).
   It insulates you from electricity.
 r - an uncursed ring of see invisible
 t - the ring of the Jolly Runes {rN+ AC+5}
   (You found it on level 5 of the Vaults)

   [ring of protection]

   It affects your AC (+5).
   It protects you from negative energy.
 B - an uncursed ring of teleportation
 E - an uncursed ring of protection from cold
 I - an uncursed amulet of guardian spirit
 L - the ring "Ydaplaal" {-Tele rPois Str+3 Slay+5}
   (You found it on level 1 of the Realm of Zot)

   [ring of slaying]

   It affects your strength (+3).
   It affects your accuracy and damage with ranged weapons and melee attacks
   (+5).
   It protects you from poison.
   It prevents most forms of teleportation.
 S - an uncursed ring of fire
 U - the ring of Fauqiurph (left hand) {rCorr rF+ MR+}
   (You found it on level 2 of the Depths)

   [ring of resist corrosion]

   It protects you from fire.
   It affects your resistance to hostile enchantments.
 W - the ring of Ymevuaz {+Blink EV+5}
   (You found it on level 4 of the Depths)

   [ring of evasion]

   It affects your evasion (+5).
   It lets you blink.
Wands
 b - a wand of digging (9/24)
 G - a wand of teleportation (5/9)
Scrolls
 a - 2 scrolls of silence
 d - 29 scrolls of identify
 f - 11 scrolls of magic mapping
 n - 6 scrolls of fear
 s - a scroll of holy word
 u - 4 scrolls of enchant armour
 y - 17 scrolls of remove curse
 M - 18 scrolls of teleportation
 T - 15 scrolls of recharging
 V - 4 scrolls of blinking
 Y - 8 scrolls of fog
Potions
 j - 3 potions of invisibility
 k - 6 potions of agility
 q - 7 potions of heal wounds
 w - a potion of might
 C - 24 potions of curing
 H - 3 potions of resistance
 O - 6 potions of ambrosia
 R - 2 potions of brilliance
 X - 2 potions of cancellation
 Z - 5 potions of cure mutation
Miscellaneous
 v - a disc of storms
 F - a stone of tremors
Comestibles
 c - 18 bread rations
 h - 32 meat rations
 p - 12 fruits
 K - 10 royal jellies


   Skills:
 O Level 27 Fighting
 O Level 27 Axes
 O Level 27 Armour
 + Level 24.0 Dodging
 - Level 18.7 Evocations


You had 26 spell levels left.
You didn't know any spells.

Dungeon Overview and Level Annotations

Branches:
Dungeon (15/15)            Temple (0/1) D:7            Lair (8/8) D:9
  Swamp (4/4) Lair:6        Snake (4/4) Lair:3        Slime (0/6) Lair:8
    Orc (2/2) D:9             Elf (0/3) Orc:2        Vaults (5/5) D:13
  Crypt (3/3) Vaults:2       Tomb (0/3) Crypt:3      Depths (5/5) D:15
    Zot (5/5) Depths:5

Altars:
Elyvilon
Fedhas
Nemelex Xobeh
Okawaru
Sif Muna
Xom
Yredelemnul
The Shining One
Jiyva

Shops:
D:8 *   D:10 (   Orc:2 ([(=   Snake:3 [%   Snake:4 (

Portals:
Hell: Depths:1 Depths:2 Depths:3 Depths:4 Depths:5
Abyss: Depths:3 Depths:4 Depths:5
Pandemonium: Depths:1 Depths:3
Ziggurat: Depths:3

Annotations:
Lair:8 1 runed door


Innate Abilities, Weirdness & Mutations

You reflexively headbutt those who attack you in melee.
You have a pair of horns on your head.


Message History

You kill the chaos spawn!
Trog accepts your kill.
The chaos spawn degenerates into a cloud of primal chaos!
No target in view!
A blizzard demon comes into view.
Olim comes into view.
Olim screams, "Disclaim thyself, thou beslubbering fob-snatching pignut!"
There is a staircase leading out of the dungeon here.
You chop the blizzard demon into pieces!!!
Your headbutt misses the blizzard demon.
The blizzard demon is almost dead.
You hear a chilling moan.
You cut the blizzard demon into ribbons!!!
You kill the blizzard demon!
Trog accepts your kill.
A hellwing comes into view.
The hellwing gives a chilling moan.
A rust devil comes into view.
The rust devil screeches!
You have escaped!

#.# #.# #.# #. #.# #####.# #.# #.
#.# ########...#4#####.###. #.#
#..........4........... ####.#
#.....&......#########. ###....#
##..≈≈≈≈≈≈≈.............
.......###..≈≈...♣.≈≈...########.
###....##..≈≈.......≈≈..# #.
##.#....≈≈..8.@....≈≈.########.
#.####.≈..♣.....8..≈..........
#......≈.....♣.....≈.###.####.
#####..≈≈.♣.......≈≈.###.####.
##..≈≈..8....≈≈...........
##########..≈≈.....≈≈............
.............≈≈≈.≈≈≈...####.####>
.##.#####.............## #.# #.
.##.# #............### #.# #.


You could see Olim, a hellwing and a rust devil.

Vanquished Creatures
  2 pandemonium lords
  Mennas (Depths:3)
  5 ancient liches
  Mara (Crypt:2)
  5 orbs of fire
  Frederick (Depths:5)
  The ghost of dvd the Executioner, a veteran HOGl of Beogh (Crypt:2)
  18 golden dragons
  3 curse toes
  2 Killer Klowns (Zot:5)
  The ghost of raph the Minotaur Blade, an adept MiFi of Yredelemnul (Depths:2)
  Jory (Vaults:3)
  4 bone dragons
  An iron giant (Depths:4)
  3 electric golems (Zot:5)
  9 liches
  31 Orb Guardians
  2 Hell Sentinels
  16 tentacled monstrosities
  2 titans
  Asterion (Snake:1)
  5 quicksilver dragons
  A tentacled starspawn (Abyss:2)
  14 death cobs
  A sphinx (Vaults:4)
  3 thorn hunters
  8 shadow dragons
  4 ancient champions
  12 tengu reavers
  An Executioner (D:5)
  10 storm dragons
  2 revenants
  The ghost of p0werm0de the Severer, an adept DDNe of Makhleb (Snake:2)
  9 greater nagas
  6 draconian monks
  18 vault wardens
  8 fire giants
  A frost giant (shapeshifter) (Depths:5)
  2 deep elf sorcerers
  4 draconian knights
  2 iron dragons (Depths:4)
  Wiglaf (Depths:2)
  2 ghost moths
  11 frost giants
  3 balrugs
  2 orc warlords
  5 draconian scorchers
  3 curse skulls (Crypt:3)
  An angel (Depths:3)
  12 ghouls
  2 deep elf elementalists
  A draconian annihilator (Zot:1)
  5 draconian zealots
  2 draconian shifters (Zot:4)
  A spriggan defender (Depths:3)
  23 ironheart preservers
  A war gargoyle (Vaults:5)
  6 draconian callers
  A reaper (Crypt:1)
  37 very ugly things
  17 stone giants
  6 green draconians
  5 vampire knights
  7 black draconians
  A salamander stormcaller (Vaults:5)
  6 red draconians
  2 deep elf annihilators
  11 white draconians
  10 mottled draconians
  9 yellow draconians
  9 purple draconians
  36 vault guards
  9 spark wasps
  7 deep elf death magi
  6 eidola
  A crystal guardian (Vaults:4)
  A merfolk javelineer (Depths:4)
  18 ettins
  21 fire dragons
  2 green deaths (Swamp:4)
  A quicksilver dragon zombie (Crypt:1)
  Josephine (D:15)
  A blizzard demon (D:1)
  24 yaktaur captains
  2 death oozes (Swamp:4)
  12 jiangshi
  17 ogre magi
  6 deep elf high priests
  8 entropy weavers
  Harold (Lair:4)
  19 naga warriors
  A quicksilver dragon skeleton (Depths:2)
  Erica (D:8)
  9 great orbs of eyes
  19 ice dragons
  6 rakshasas
  3 hell beasts
  3 spriggan air magi
  24 hydras
  A ghost crab (Swamp:4)
  14 alligators
  6 centaur warriors
  A dancing weapon (Vaults:5)
  10 anacondas
  3 death knights
  The ghost of Reyan the Fighter, a novice DsFi (D:10)
  9 death yaks
  5 deep troll shamans
  3 thrashing horrors
  8 vampire magi
  10 naga sharpshooters
  A spriggan berserker (Depths:5)
  7 tengu warriors
  An orc high priest (Depths:4)
  10 deep troll earth magi
  2 titan zombies
  8 shock serpents
  5 deep elf knights
  3 soul eaters
  A sun demon (Depths:1)
  A storm dragon zombie (Vaults:4)
  A titan skeleton (Crypt:3)
  A shadow wraith (Vaults:4)
  12 hell knights
  An iron troll (shapeshifter) (Depths:3)
  34 skeletal warriors
  5 iron trolls (Depths:3)
  An iron giant skeleton (Depths:2)
  A salamander mystic (Snake:3)
  30 deep trolls
  A deep troll (shapeshifter) (Depths:1)
  An infernal demonspawn (Depths:1)
  3 storm dragon skeletons
  5 unseen horrors
  4 spriggan druids
  A fire crab (Vaults:2)
  A deep elf archer (Vaults:3)
  3 giant orange brains
  A swamp dragon (shapeshifter) (Vaults:5)
  A torturous demonspawn (Depths:3)
  8 flayed ghosts
  2 golden dragon skeletons
  4 harpies (Vaults:1)
  A shambling mangrove (Swamp:2)
  7 swamp dragons
  8 ironbrand convokers
  2 starcursed masses (Abyss:2)
  11 hill giants
  An anaconda skeleton (Crypt:2)
  11 phantasmal warriors
  A lindwurm (Lair:8)
  9 naga ritualists
  3 tengu skeletons
  A sphinx zombie (Vaults:4)
  Pikel (D:5)
  2 shadow dragon zombies
  13 deep elf magi
  A harpy (shapeshifter) (Depths:3)
  17 necromancers
  4 wolf spiders
  6 hornets
  An orb spider (shapeshifter) (Vaults:4)
  5 griffons
  7 salamanders
  A glowing shapeshifter (Vaults:4)
  A wizard (Vaults:1)
  6 orc sorcerers
  A fire giant zombie (Crypt:1)
  9 mana vipers
  73 ugly things
  2 shadow dragon skeletons
  25 orc knights
  An oklob plant (Snake:3)
  2 salamanders (shapeshifter)
  6 manticores
  6 cyclopes
  A worldbinder (Abyss:2)
  21 moths of wrath
  A guardian serpent (Snake:3)
  53 black mambas
  A frost giant skeleton (Vaults:4)
  Maurice (D:12)
  3 smoke demons (Abyss:2)
  28 elephants
  3 ice statues (IceCv)
  6 fire giant skeletons (Depths:2)
  26 spiny frogs
  2 gargoyles
  21 vault sentinels
  2 centaur zombies
  A stone giant skeleton (Vaults:1)
  Psyche (D:8)
  7 orange demons
  2 guardian serpents (shapeshifter)
  22 naga magi
  An emperor scorpion zombie (Crypt:3)
  A torpor snail (Lair:8)
  A spriggan zombie (Depths:1)
  A torpor snail (shapeshifter) (Vaults:5)
  A yellow draconian zombie (Crypt:3)
  A shock serpent skeleton (Crypt:1)
  11 komodo dragons
  A hellion (Zot:5)
  6 kobold demonologists
  4 rime drakes
  6 freezing wraiths
  81 yaktaurs
  An alligator snapping turtle skeleton (Crypt:1)
  A tormentor (Zot:5)
  5 tengu conjurers
  An efreet (D:15)
  3 human skeletons
  A yaktaur zombie (Vaults:1)
  3 ancient zymes (Abyss:2)
  5 red devils
  A queen bee (shapeshifter) (Vaults:4)
  A sea snake skeleton (Crypt:2)
  A yaktaur skeleton (Vaults:5)
  2 ice devils (Zot:5)
  3 tengu simulacra
  8 spriggan skeletons (Depths:2)
  13 trolls
  A merfolk (shapeshifter) (Vaults:4)
  12 hellwings
  2 jumping spiders
  A queen bee (Depths:4)
  A hornet zombie (D:14)
  23 two-headed ogres
  A two-headed ogre (shapeshifter) (D:15)
  8 giant leeches
  A jumping spider (shapeshifter) (Depths:5)
  Grinder (D:6)
  8 raiju (Abyss:2)
  44 slime creatures
  A fire dragon zombie (Crypt:3)
  A blink frog (shapeshifter) (Vaults:3)
  A griffon zombie (Crypt:3)
  29 blink frogs
  A fire giant simulacrum (Vaults:3)
  10 boulder beetles
  3 raiju (shapeshifter)
  A stone giant simulacrum (Vaults:3)
  5 large abominations
  A centaur simulacrum (D:15)
  Sigmund (D:3)
  6 spriggans
  2 ettin skeletons
  17 bog bodies
  3 vampires
  2 ynoxinuls
  13 flying skulls
  A black mamba zombie (Crypt:3)
  17 redbacks
  3 air elementals (Depths:2)
  A guardian serpent skeleton (Crypt:3)
  3 redbacks (shapeshifter)
  7 shadows
  37 yaks
  A yak (shapeshifter) (Depths:5)
  20 wraiths
  A tarantella (Depths:3)
  A tarantella (shapeshifter) (Vaults:2)
  5 water elementals (Depths:4)
  4 wyverns
  2 basilisks
  A fire elemental (Abyss:2)
  A hog (shapeshifter) (Vaults:3)
  2 black mamba skeletons
  A golden eye (shapeshifter) (Depths:4)
  2 yaktaur simulacra (Vaults:1)
  2 steam dragons (D:8)
  4 golden eyes (Abyss:2)
  A basilisk (shapeshifter) (Vaults:3)
  3 chaos spawn
  A redback simulacrum (Vaults:1)
  2 neqoxecs
  7 hippogriffs
  A hippogriff (shapeshifter) (Vaults:2)
  6 hungry ghosts
  9 wargs
  Menkaure (D:5)
  A mottled dragon (Vaults:2)
  Edmund (D:6)
  36 vampire mosquitoes
  2 deep troll zombies (Vaults:4)
  41 nagas
  21 swamp worms
  A soldier ant (D:11)
  A water moccasin (shapeshifter) (Vaults:5)
  A giant eyeball (Depths:4)
  16 water moccasins
  A deep troll skeleton (Vaults:4)
  61 orc warriors
  12 porcupines
  7 swamp drakes
  16 ice beasts
  A swamp dragon zombie (Crypt:1)
  10 wasps
  3 black bears
  3 slaves (D:5)
  3 small abominations
  8 necrophages
  7 wolves
  51 ogres
  A sky beast (D:13)
  A phantom (D:9)
  An eye of draining (shapeshifter) (Vaults:1)
  A wasp (shapeshifter) (Vaults:5)
  33 centaurs
  14 boggarts
  3 human zombies
  2 elf zombies
  4 elf skeletons
  8 crocodiles
  A draconian zombie (Crypt:1)
  13 big kobolds
  A wyvern zombie (Crypt:2)
  A giant frog (shapeshifter) (Vaults:5)
  A water moccasin zombie (D:9)
  A salamander skeleton (Crypt:2)
  17 giant frogs
  An earth elemental (Abyss:2)
  7 scorpions
  A water moccasin skeleton (D:9)
  5 jellies
  A boulder beetle zombie (Vaults:2)
  31 killer bees
  A troll zombie (D:9)
  5 howler monkeys
  5 wights (Crypt:1)
  2 electric eels
  7 crimson imps
  8 hounds
  3 giant frog zombies
  3 human simulacra
  A gnoll shaman (D:9)
  25 orc priests
  An iron imp (Abyss:2)
  4 centaur skeletons
  23 orc wizards
  Crazy Yiuf (D:5)
  10 iguanas
  Terence (D:3)
  An iguana (shapeshifter) (Depths:1)
  7 worker ants
  22 sheep
  A naga zombie (Crypt:3)
  A mottled dragon zombie (Crypt:1)
  8 ogre zombies
  A mottled dragon skeleton (Crypt:3)
  A naga skeleton (Crypt:3)
  A hound zombie (D:5)
  A hound skeleton (D:7)
  2 worker ant zombies
  68 river rats
  9 adders
  5 gnolls (D:9)
  2 shadow imps
  3 white imps
  An ufetubus (Vaults:3)
  An ooze (shapeshifter) (Depths:2)
  An iguana skeleton (Crypt:3)
  2 adder skeletons
  A dart slug (D:2)
  3 giant geckos
  An orc (shapeshifter) (Depths:4)
  110 orcs
  A bat skeleton (Crypt:1)
  A bat zombie (D:2)
  5 giant cockroaches
  6 goblins
  9 hobgoblins
  16 jackals
  9 quokkas
  3 ball pythons
  17 bats
  A giant gecko skeleton (D:4)
  A giant gecko zombie (D:2)
  8 giant newts
  5 goblin skeletons (D:9)
  3 goblin zombies (D:9)
  3 hobgoblin skeletons (D:9)
  A hobgoblin zombie (Crypt:1)
  13 kobolds
  A kobold zombie (Abyss:2)
  An orc skeleton (D:9)
  15 orc zombies
  A quokka skeleton (D:6)
  2 quokka zombies
  8 rats
  16 briar patches
  5 crawling corpses (Vaults:5)
  11 fungi
  6 plants
  2 starspawn tentacles (Abyss:2)
2848 creatures vanquished.

Vanquished Creatures (collateral kills)
  A quicksilver dragon (Vaults:5)
  A great orb of eyes (Vaults:5)
  A deep troll shaman (Vaults:5)
  A deep troll (Vaults:5)
  An orc warrior (Vaults:5)
5 creatures vanquished.

Vanquished Creatures (others)
  Margery (Depths:5)
  A deep elf elementalist (Depths:4)
  A yaktaur captain (Depths:4)
  A rakshasa (Depths:1)
  An ogre mage (Depths:3)
  A vampire mage (Depths:3)
  A naga sharpshooter (Snake:3)
  A necromancer (Depths:3)
  An ironbrand convoker (Vaults:1)
  2 moths of wrath (Zot:5)
  A naga mage (Snake:4)
  5 yaktaurs
  A tengu conjurer (Depths:3)
  2 ogres (Vaults:5)
  2 boggarts
  A centaur (D:13)
  A worker ant zombie (D:5)
  An orc (Orc:1)
  A quokka (D:9)
  3 briar patches
  A bush (D:12)
  23 fungi
  5 lost souls
  22 plants
  7 starspawn tentacle segments (Abyss:2)
87 creatures vanquished.

Grand Total: 2940 creatures vanquished

Notes
Turn   | Place    | Note
--------------------------------------------------------------
     0 | D:1      | rftp080 the Minotaur Berserker began the quest for the Orb.
     0 | D:1      | Reached XP level 1. HP: 19/19 MP: 0/0
   458 | D:1      | Reached XP level 2. HP: 27/27 MP: 1/1
   600 | D:1      | Reached ** piety under Trog
   870 | D:1      | Reached XP level 3. HP: 33/33 MP: 2/2
  1101 | D:2      | Reached skill level 5 in Axes
  1103 | D:2      | Reached XP level 4. HP: 26/40 MP: 3/3
  1678 | D:3      | Reached *** piety under Trog
  1683 | D:3      | Noticed Terence
  1687 | D:3      | Killed Terence
  1803 | D:3      | Noticed Sigmund
  1812 | D:3      | Killed Sigmund
  1812 | D:3      | Reached skill level 5 in Fighting
  1812 | D:3      | Reached XP level 5. HP: 48/48 MP: 4/4
  1812 | D:3      | Reached XP level 6. HP: 56/56 MP: 5/5
  2558 | D:4      | Noticed a hippogriff
  2567 | D:4      | Killed a hippogriff
  2567 | D:4      | Reached skill level 5 in Armour
  2567 | D:4      | Reached XP level 7. HP: 58/61 MP: 6/6
  2828 | D:4      | Found a sparkling altar of Nemelex Xobeh.
  3190 | D:4      | Found a shimmering altar of Xom.
  3353 | D:5      | Entered Level 5 of the Dungeon
  3383 | D:5      | Noticed Pikel
  3402 | D:5      | Killed Pikel
  3402 | D:5      | Reached XP level 8. HP: 52/73 MP: 7/7
  3466 | D:5      | Reached **** piety under Trog
  3550 | D:5      | Noticed Menkaure
  3558 | D:5      | Killed Menkaure
  3558 | D:5      | Reached skill level 10 in Axes
  3764 | D:5      | Noticed Crazy Yiuf
  3767 | D:5      | Killed Crazy Yiuf
  3924 | D:6      | Noticed Grinder
  3927 | D:6      | Killed Grinder
  3998 | D:6      | Noticed Edmund
  4007 | D:6      | Killed Edmund
  4007 | D:6      | Reached XP level 9. HP: 81/81 MP: 8/8
  5179 | D:7      | Found a staircase to the Ecumenical Temple.
  5227 | D:8      | Found Limni's General Store.
  5246 | D:8      | Bought a scroll of blinking for 120 gold pieces
  5262 | D:8      | Noticed Erica
  5269 | D:8      | Killed Erica
  5407 | D:8      | Found an iron altar of Okawaru.
  5776 | D:8      | Reached XP level 10. HP: 91/91 MP: 9/9
  5856 | D:8      | Reached ***** piety under Trog
  5938 | D:8      | Noticed a hill giant
  5947 | D:8      | Killed a hill giant
  6235 | D:8      | Found a glowing golden altar of the Shining One.
  6236 | D:8      | Found a deep blue altar of Sif Muna.
  6274 | D:8      | Noticed Psyche
  6282 | D:8      | Killed Psyche
  6425 | D:9      | Received a gift from Trog
  6644 | D:9      | Reached skill level 10 in Fighting
  7021 | D:9      | Found a staircase to the Lair.
  7190 | D:9      | Found a staircase to the Orcish Mines.
  7292 | D:9      | Reached skill level 10 in Armour
  7823 | D:9      | Found a basalt altar of Yredelemnul.
  8139 | D:9      | Found a white marble altar of Elyvilon.
  8205 | D:10     | Entered Level 10 of the Dungeon
  8209 | D:10     | Found Neinn's Antique Weapon Shoppe.
  8316 | D:10     | Noticed Reyan's ghost (novice DsFi)
  8333 | D:10     | Killed Reyan's ghost
  8333 | D:10     | Reached XP level 11. HP: 101/101 MP: 10/10
  8399 | D:10     | Found a deep blue altar of Sif Muna.
  8932 | D:10     | Noticed a hill giant
  8940 | D:10     | Killed a hill giant
  9326 | D:11     | Noticed a red ugly thing
  9332 | D:11     | Killed a red ugly thing
  9332 | D:11     | Reached skill level 15 in Axes
  9668 | D:11     | Noticed a tengu warrior
  9673 | D:11     | Noticed a hill giant
  9684 | D:11     | Killed a tengu warrior
  9688 | D:11     | Noticed a deep troll
  9700 | D:11     | Killed a hill giant
  9741 | D:11     | Killed a deep troll
  9924 | D:11     | Reached XP level 12. HP: 91/112 MP: 11/11
  9983 | D:11     | Received a gift from Trog
 10243 | D:12     | Noticed a yaktaur captain
 10257 | D:12     | Killed a yaktaur captain
 10579 | D:12     | Noticed an ogre mage
 10589 | D:12     | Paralysed by an ogre mage for 6 turns
 10601 | D:12     | Killed an ogre mage
 10735 | Orc:1    | Entered Level 1 of the Orcish Mines
 11458 | Orc:2    | Entered Level 2 of the Orcish Mines
 11458 | Orc:2    | Found a staircase to the Elven Halls.
 11689 | Orc:2    | Noticed an ettin
 11697 | Orc:2    | Killed an ettin
 11870 | Orc:1    | Noticed an orc warlord
 12017 | Orc:2    | Received a gift from Trog
 12355 | Orc:1    | Killed an orc warlord
 13386 | Orc:2    | Reached XP level 13. HP: 68/122 MP: 12/12
 13621 | Orc:2    | Received a gift from Trog
 14856 | Orc:2    | Found Kigid's Antique Armour Shop.
 14856 | Orc:2    | Found Kiuf's Weapon Shoppe.
 14858 | Orc:2    | Found Rekhiel's Jewellery Emporium.
 14860 | Orc:2    | Found Zofufreagh's Antique Weapon Boutique.
 14867 | Orc:2    | Bought a +6 amulet of reflection for 375 gold pieces
 14874 | Orc:2    | Bought an ancient plate armour for 756 gold pieces
 14884 | Orc:2    | Identified the +1 plate armour of Listlessness {*Drain Int+3 Dex+2} (You bought it in a shop on level 2 of the Orcish Mines)
 14983 | Lair:1   | Entered Level 1 of the Lair of Beasts
 15073 | Lair:1   | Found a basalt altar of Yredelemnul.
 15772 | Lair:2   | Reached ****** piety under Trog
 15807 | Lair:2   | Received a gift from Trog
 16882 | Lair:3   | Found a staircase to the Snake Pit.
 17201 | Lair:3   | Received a gift from Trog
 17480 | Lair:4   | Noticed Harold
 17524 | Lair:4   | Killed Harold
 17711 | Lair:4   | Found a frozen archway.
 17736 | IceCv    | Entered an ice cave
 18291 | IceCv    | Got a pitted cloak
 18305 | IceCv    | Identified the cursed +0 cloak of Boredom {rC+} (You found it in an ice cave)
 18560 | Lair:4   | Reached XP level 14. HP: 133/133 MP: 4/13
 18987 | Lair:5   | Received a gift from Trog
 20464 | Lair:6   | Found a staircase to the Swamp.
 20479 | Lair:6   | Reached skill level 15 in Armour
 20763 | Lair:7   | Reached skill level 15 in Fighting
 20913 | Lair:7   | Received a gift from Trog
 21497 | Lair:7   | Reached XP level 15. HP: 119/141 MP: 7/14
 21782 | Lair:8   | Entered Level 8 of the Lair of Beasts
 22208 | Lair:8   | Received a gift from Trog
 22399 | Lair:8   | Found a runed door.
 22407 | Lair:8   | Found a viscous altar of Jiyva.
 22409 | Lair:8   | Found a staircase to the Slime Pits.
 22817 | Snake:1  | Entered Level 1 of the Snake Pit
 22818 | Snake:1  | Noticed Asterion
 22831 | Snake:1  | Killed Asterion
 22831 | Snake:1  | Reached skill level 5 in Dodging
 23442 | D:12     | Noticed Maurice
 23446 | D:12     | Killed Maurice
 23582 | D:12     | Found a blossoming altar of Fedhas.
 24076 | D:13     | Found a gate to the Vaults.
 24490 | D:13     | Found a basalt altar of Yredelemnul.
 24584 | D:13     | Received a gift from Trog
 25870 | Swamp:1  | Entered Level 1 of the Swamp
 26016 | Swamp:1  | Reached XP level 16. HP: 137/152 MP: 5/15
 26533 | Swamp:1  | Noticed a thorn hunter
 26550 | Swamp:1  | Killed a thorn hunter
 27186 | Swamp:2  | Received a gift from Trog
 27617 | Swamp:2  | You fall through a shaft!
 28883 | Swamp:3  | Received a gift from Trog
 28981 | Swamp:3  | Identified the Reference Book on Entrancing Intoxication
 29013 | Swamp:4  | Entered Level 4 of the Swamp
 29043 | Swamp:4  | Noticed a thorn hunter
 29059 | Swamp:4  | Killed a thorn hunter
 29059 | Swamp:4  | Reached skill level 1 in Evocations
 29230 | Swamp:4  | Noticed a thorn hunter
 29246 | Swamp:4  | Killed a thorn hunter
 30110 | Swamp:4  | Reached XP level 17. HP: 161/161 MP: 5/17
 31283 | Swamp:4  | Got a decaying rune of Zot
 31544 | Lair:3   | Received a gift from Trog
 32574 | Snake:1  | Reached skill level 10 in Dodging
 32782 | Snake:2  | Identified a -1 rod of inaccuracy (10/10) (You found it on level 6 of the Lair of Beasts)
 32819 | Snake:2  | Noticed p0werm0de's ghost (adept DDNe)
 32837 | Snake:2  | Killed p0werm0de's ghost
 33202 | Snake:2  | Found a sparkling altar of Nemelex Xobeh.
 34430 | Snake:2  | Received a gift from Trog
 34431 | Snake:2  | Got a smoking executioner's axe {god gift}
 34432 | Snake:2  | Identified the +9 executioner's axe of Trog's Regard {drain, rPois rN+++ MR- MP-9} (Trog gifted it to you on level 2 of the Snake Pit)
 34593 | Snake:3  | Found Ady Siom's Food Emporium.
 34757 | Snake:3  | Found Wyneitel's Armour Emporium.
 34763 | Snake:3  | Bought the +8 orange crystal plate armour {Archmagi, Int+3 Clar SustAt} for 1916 gold pieces
 35432 | Snake:4  | Entered Level 4 of the Snake Pit
 35470 | Snake:4  | Reached XP level 18. HP: 122/172 MP: 11/20
 36084 | Snake:4  | Reached skill level 5 in Evocations
 36377 | Snake:4  | Found Hoddaf's Antique Weapon Emporium.
 36414 | Snake:4  | Received a gift from Trog
 37522 | Snake:4  | Received a gift from Trog
 38001 | Snake:4  | Got a serpentine rune of Zot
 38300 | Vaults:1 | Entered Level 1 of the Vaults
 39175 | Vaults:1 | Reached XP level 19. HP: 181/181 MP: 13/22
 39243 | Vaults:1 | Received a gift from Trog
 40100 | Snake:3  | Bought the +0 pair of boots "Cawiv" {*Confuse +Blink rC++ Regen+} for 425 gold pieces
 40396 | Vaults:2 | Found a staircase to the Crypt.
 40460 | Vaults:2 | Received a gift from Trog
 40824 | Vaults:2 | Received a gift from Trog
 41366 | Vaults:2 | Received a gift from Trog
 41844 | Vaults:3 | Reached XP level 20. HP: 155/191 MP: 15/24
 42069 | Vaults:3 | Received a gift from Trog
 42616 | Vaults:3 | Noticed Jory
 42637 | Vaults:3 | Killed Jory
 43105 | Vaults:4 | Received a gift from Trog
 43473 | Vaults:4 | Received a gift from Trog
 43758 | Vaults:4 | Cast into level 2 of the Abyss (an ogre mage)
 43842 | Abyss:2  | Reached XP level 21. HP: 164/200 MP: 17/26
 43898 | Abyss:2  | Received a gift from Trog
 43901 | Abyss:2  | Got an iridescent battleaxe {god gift}
 43912 | Abyss:2  | Identified the +6 battleaxe of Vanity {elec, rC+} (Trog gifted it to you on level 2 of the Abyss)
 44067 | Vaults:4 | Escaped the Abyss
 44590 | Crypt:1  | Entered Level 1 of the Crypt
 44777 | Crypt:1  | Paralysed by something for 7 turns
 44877 | Crypt:1  | Found a basalt altar of Yredelemnul.
 45651 | Crypt:2  | Reached skill level 10 in Evocations
 45750 | Crypt:2  | Noticed dvd's ghost (veteran HOGl)
 45794 | Crypt:2  | Killed dvd's ghost
 45919 | Crypt:2  | Noticed Mara
 45941 | Crypt:2  | Killed Mara
 46117 | Crypt:3  | Entered Level 3 of the Crypt
 46576 | Crypt:3  | Reached XP level 22. HP: 204/211 MP: 19/28
 46799 | Crypt:3  | Received a gift from Trog
 47032 | Crypt:3  | Found a staircase to the Tomb.
 47184 | Crypt:3  | Gained mutation: You are frail (-10% HP). [mutagenic glow]
 47217 | Crypt:3  | Gained mutation: Potions and wands are less effective at restoring your health. [mutagenic glow]
 47577 | Vaults:5 | Entered Level 5 of the Vaults
 47588 | Vaults:5 | Reached skill level 27 in Axes
 47593 | Vaults:5 | Noticed a golden dragon
 47593 | Vaults:5 | Reached skill level 15 in Dodging
 47721 | Vaults:4 | Received a gift from Trog
 47855 | Vaults:5 | Killed a golden dragon
 47857 | Vaults:5 | Noticed a golden dragon
 47858 | Vaults:5 | Noticed a golden dragon
 47862 | Vaults:5 | Noticed a golden dragon
 47994 | Vaults:4 | Killed a golden dragon
 47994 | Vaults:4 | Killed a golden dragon
 48172 | Vaults:5 | Noticed an ancient lich
 48180 | Vaults:4 | Received a gift from Trog
 48298 | Vaults:5 | Noticed a golden dragon
 48378 | Vaults:5 | Reached XP level 23. HP: 198/198 MP: 21/30
 48449 | Vaults:5 | Killed an ancient lich
 48779 | Vaults:5 | Got a scorched iron ring
 48796 | Vaults:5 | Identified the ring of Vunean {Int+3 Dex+2} (You found it on level 5 of the Vaults)
 48896 | Vaults:5 | Got a silver rune of Zot
 48960 | Vaults:5 | Got a brightly glowing iron ring
 48962 | Vaults:5 | Identified the ring of the Jolly Runes {rN+ AC+5} (You found it on level 5 of the Vaults)
 49343 | Vaults:5 | Received a gift from Trog
 49989 | D:15     | Entered Level 15 of the Dungeon
 50023 | D:15     | Noticed Josephine
 50028 | D:15     | Killed Josephine
 50620 | D:15     | Found a staircase to the Depths.
 50755 | Depths:1 | Entered Level 1 of the Depths
 51595 | D:15     | Received a gift from Trog
 51968 | Depths:1 | Reached XP level 24. HP: 188/209 MP: 22/31
 52148 | Depths:1 | Found a gateway to Hell.
 52265 | Depths:1 | Found a one-way gate leading to the halls of Pandemonium.
 52462 | Depths:1 | Received a gift from Trog
 52467 | Depths:1 | Got a sparkling brass ring
 52572 | Depths:2 | Noticed raph's ghost (adept MiFi)
 52597 | Depths:2 | Killed raph's ghost
 52933 | Depths:2 | Noticed Wiglaf
 52940 | Depths:2 | Killed Wiglaf
 53047 | Depths:2 | Identified the ring of Tetal {rPois MP+9 Int+4} (You took it off a yaktaur on level 1 of the Depths)
 53086 | Depths:2 | Paralysed by a great orb of eyes for 4 turns
 53646 | Depths:2 | Got a smoking jade ring
 53648 | Depths:2 | Identified the ring of Fauqiurph {rCorr rF+ MR+} (You found it on level 2 of the Depths)
 53999 | Depths:3 | Found a gateway to a ziggurat.
 54035 | Depths:3 | Found a one-way gate to the infinite horrors of the Abyss.
 54067 | Depths:3 | Received a gift from Trog
 54417 | Depths:3 | Received a gift from Trog
 54421 | Depths:3 | Noticed Mennas
 54433 | Depths:3 | Reached XP level 25. HP: 187/218 MP: 23/32
 54458 | Depths:3 | Killed Mennas
 55583 | Depths:4 | Received a gift from Trog
 55911 | Depths:4 | Received a gift from Trog
 56032 | Depths:4 | Found a runed door.
 56341 | Depths:4 | Paralysed by a giant eyeball for 4 turns
 56647 | Depths:4 | Received a gift from Trog
 56697 | Depths:4 | Got a coiled steel ring
 56699 | Depths:4 | Identified the ring of Ymevuaz {+Blink EV+5} (You found it on level 4 of the Depths)
 56710 | Depths:4 | Lost mutation: You are frail (-10% HP). [potion of cure mutation]
 56710 | Depths:4 | Lost mutation: Potions and wands are less effective at restoring your health. [potion of cure mutation]
 56990 | Depths:5 | Entered Level 5 of the Depths
 56992 | Depths:5 | Reached skill level 15 in Evocations
 57094 | Depths:5 | Found a gate to the Realm of Zot.
 57481 | Depths:5 | Reached XP level 26. HP: 254/254 MP: 24/33
 57551 | Depths:5 | Noticed Frederick
 57563 | Depths:5 | Killed Frederick
 57702 | Depths:5 | Received a gift from Trog
 57765 | Depths:5 | Noticed Margery
 57771 | Depths:5 | Killed Margery
 57771 | Depths:5 | Reached skill level 27 in Armour
 58163 | Zot:1    | Entered Level 1 of the Realm of Zot
 58697 | Zot:1    | Got a transparent granite ring
 58699 | Zot:1    | Identified the ring "Seighic" {rElec Int+2} (You found it on level 1 of the Realm of Zot)
 58945 | Zot:1    | Got a smoking golden ring
 58947 | Zot:1    | Identified the ring "Ydaplaal" {-Tele rPois Str+3 Slay+5} (You found it on level 1 of the Realm of Zot)
 58970 | Zot:1    | Got a pair of ichor-stained gloves
 58981 | Zot:1    | Identified the +2 pair of gloves of Absence {rF+ rC++} (You found it on level 1 of the Realm of Zot)
 59736 | Zot:2    | Received a gift from Trog
 60270 | Zot:3    | Reached XP level 27. HP: 253/266 MP: 25/34
 60971 | Zot:4    | Noticed an orb of fire
 60974 | Zot:4    | Gained mutation: Your magical capacity is low (-10% MP). [an orb of fire]
 60980 | Zot:4    | Killed an orb of fire
 61068 | Zot:4    | Received a gift from Trog
 61362 | Zot:5    | Entered Level 5 of the Realm of Zot
 61860 | Zot:5    | Noticed an ancient lich
 61884 | Zot:5    | Killed an ancient lich
 61911 | Zot:5    | Noticed an ancient lich
 61919 | Zot:5    | Killed an ancient lich
 61921 | Zot:5    | Noticed an ancient lich
 61937 | Zot:5    | Killed an ancient lich
 61959 | Zot:5    | Noticed an orb of fire
 61963 | Zot:5    | Noticed an orb of fire
 62012 | Zot:5    | Noticed an ancient lich
 62150 | Zot:5    | Noticed an orb of fire
 62168 | Zot:5    | Killed an orb of fire
 62283 | Zot:5    | Noticed an orb of fire
 62292 | Zot:5    | Noticed an orb of fire
 62298 | Zot:5    | Killed an orb of fire
 62306 | Zot:5    | Killed an orb of fire
 62311 | Zot:5    | Noticed an ancient lich
 62320 | Zot:5    | Killed an ancient lich
 62569 | Zot:5    | Received a gift from Trog
 62679 | Zot:5    | Gained mutation: You have sharp toenails. [an orb of fire]
 62682 | Zot:5    | Gained mutation: Your body sometimes deteriorates upon taking damage. [an orb of fire]
 62688 | Zot:5    | Killed an orb of fire
 62833 | Zot:5    | Reached skill level 27 in Fighting
 62872 | Zot:5    | Got the Orb of Zot
 62893 | Zot:5    | Noticed Yppaheock the pandemonium lord
 62986 | Zot:5    | Killed Yppaheock the pandemonium lord
 63040 | Zot:5    | Noticed Helunov the pandemonium lord
 63199 | Zot:1    | Noticed Cuiq the pandemonium lord
 63251 | Depths:5 | Got a pair of encrusted boots
 63252 | Depths:5 | Identified the +0 pair of boots of Fam Kebb {rElec Regen+ Int-4 Stlth+} (You found it on level 5 of the Depths)
 63418 | Depths:5 | Lost mutation: Your body sometimes deteriorates upon taking damage. [potion of cure mutation]
 63418 | Depths:5 | Lost mutation: You have sharp toenails. [potion of cure mutation]
 63418 | Depths:5 | Lost mutation: Your magical capacity is low (-10% MP). [potion of cure mutation]
 63447 | Depths:5 | Gained mutation: You are occasionally teleported next to monsters. [a neqoxec]
 63561 | Depths:2 | Noticed Rebomy the pandemonium lord
 63783 | D:11     | Lost mutation: You are occasionally teleported next to monsters. [potion of cure mutation]
 63935 | D:6      | Noticed Irasm the pandemonium lord
 63954 | D:5      | Killed Irasm the pandemonium lord
 64008 | D:4      | Received a gift from Trog
 64133 | D:1      | Noticed Olim the pandemonium lord
 64142 | D:$      | Escaped with the Orb!

Skill      XL: |  1  2  3  4  5  6  7  8  9 10 11 12 13 14 15 16 17 18 19 20 21 22 23 24 25 26 27 |
---------------+----------------------------------------------------------------------------------+-----
Axes           | 4 5 6 7 9 10 12 14 16 17 19 20 21 22 23 24 25 26 27 | 27.0
Fighting       | 4 5 7 9 10 11 13 14 15 16 17 18 19 20 21 22 23 25 27 | 27.0
Armour         | 3 4 5 6 7 8 10 11 13 14 15 16 17 18 19 20 21 22 24 25 26 27 | 27.0
Dodging        | 4 7 9 10 11 12 13 14 15 17 18 19 20 24 | 24.0
Evocations     | 2 4 6 7 9 10 11 13 14 15 16 18 | 18.7

Action                   |  1- 3 |  4- 6 |  7- 9 | 10-12 | 13-15 | 16-18 | 19-21 | 22-24 | 25-27 || total
-------------------------+-------+-------+-------+-------+-------+-------+-------+-------+-------++-------
Melee: Hand axe          |    90 |    11 |       |       |       |       |       |       |       ||   101
       Headbutt          |    12 |    12 |    39 |   194 |   267 |   336 |   436 |   386 |   428 ||  2110
       War axe           |       |    60 |   203 |   787 |       |       |       |       |       ||  1050
       Battleaxe         |       |       |       |    25 |  1231 |   920 |   344 |       |       ||  2520
       Executioner's axe |       |       |       |       |       |   469 |  1241 |  1284 |  1689 ||  4683
       Unarmed           |       |       |       |       |       |       |       |    12 |       ||    12
Invok: Berserk           |     2 |     4 |     9 |    20 |    14 |    21 |     2 |     7 |     8 ||    87
Evoke: Wand              |       |       |       |       |     4 |       |       |     1 |     3 ||     8
       Box of beasts     |       |       |       |       |       |       |       |     1 |       ||     1
  Use: Scroll            |       |     8 |     8 |    10 |    14 |     9 |     2 |     4 |     8 ||    63
       Potion            |       |       |       |     2 |     8 |     1 |       |     4 |    12 ||    27
 Stab: Sleeping          |     2 |     1 |       |       |       |       |       |       |       ||     3
       Distracted        |       |       |       |       |       |       |       |     3 |     1 ||     4
       Invisible         |       |       |       |       |       |       |       |    13 |    21 ||    34
  Eat: Chunk             |     3 |     7 |    18 |    46 |    48 |    30 |    24 |    18 |    18 ||   212
       Pizza             |       |       |     1 |     3 |       |     3 |     1 |     1 |     3 ||    12
       Beef jerky        |       |       |       |     5 |     2 |     5 |     1 |       |     2 ||    15
       Bread ration      |       |       |       |       |     1 |     3 |       |     3 |     4 ||    11
       Fruit             |       |       |       |       |     1 |    12 |     1 |       |     1 ||    15
Armor: Animal skin       |    19 |    11 |       |       |       |       |       |       |       ||    30
       Chain mail        |       |    14 |    88 |   134 |       |       |       |       |       ||   236
       Robe              |       |     2 |       |       |       |       |       |       |       ||     2
       Plate armour      |       |       |       |   385 |   645 |   586 |       |       |       ||  1616
       Crystal plate arm |       |       |       |       |       |   347 |   887 |   904 |  1066 ||  3204
Dodge: Dodged            |    77 |    41 |    86 |   308 |   370 |   635 |   564 |   739 |  1022 ||  3842
Block: Other             |       |       |       |       |   224 |   327 |   301 |   315 |   366 ||  1533
       Reflection        |       |       |       |       |    13 |    17 |    17 |    25 |    27 ||    99
